 Dungeon Crawl Stone Soup version 0.25-a0-545-ge4db218afc (webtiles) character file.

Game seed: 14011228893897637045, levelgen mode: deterministic

48 Gargoyl the Skirmisher (level 3, -1/31 HPs)
             Began as a Centaur Abyssal Knight on Feb 21, 2020.
             Was a Follower of Lugonu.
             Slain by a worm (11 damage)
             ... on level 2 of the Dungeon.
             The game lasted 00:01:08 (1002 turns).

Gargoyl the Skirmisher (Centaur Abyssal Knight)     Turns: 1002, Time: 00:01:08

Health: -1/31      AC:  5    Str: 14    XL:     3   Next: 50%
Magic:  4/4        EV:  9    Int: 11    God:    Lugonu [*.....]
Gold:   45         SH:  0    Dex:  9    Spells: 2/2 levels left

rFire    . . .     SeeInvis .   a - +1 hand axe
rCold    . . .     Gourm    .   (no shield)
rNeg     . . .     Faith    .   b - +0 leather armour
rPois    .         Spirit   .   (no helmet)
rElec    .         Reflect  .   h - +0 cloak
rCorr    .         Harm     .   (no gloves)
MR       .....                  (no barding)
Stlth    ..........             (no amulet)
HPRegen  0.10/turn              (no ring)
MPRegen  0.09/turn              (no ring)

@: very quick
A: large, hooves 3, deformed body, speed 2, tough skin 3
a: Depart the Abyss, Renounce Religion


You were on level 2 of the Dungeon.
You worshipped Lugonu.
Lugonu was aware of your devotion.
You were not hungry.

You visited 1 branch of the dungeon, and saw 2 of its levels.
You visited the Abyss 1 time.

You collected 45 gold pieces.

Inventory:

Hand Weapons
 a - a +1 hand axe (weapon)
Armour
 b - a +0 leather armour (worn)
 d - a scarf of cloud immunity
 h - a +0 cloak (worn)
Scrolls
 e - 2 scrolls of identify
 f - a scroll of remove curse
 g - 4 scrolls of teleportation
 i - a scroll of fear {unknown}
Comestibles
 c - 4 rations


   Skills:
 + Level 3.4 Fighting
 + Level 2.2 Axes
 * Level 1.9 Armour
 * Level 1.1 Dodging
 * Level 2.3 Invocations


You had 2 spell levels left.
You didn't know any spells.
Your spell library was empty.

Dungeon Overview and Level Annotations

Branches:
Dungeon (2/15)

Altars:


Innate Abilities, Weirdness & Mutations

You have hooves in place of feet.
Armour fits poorly on your strangely shaped body.
You cover ground very quickly.
You have extremely tough skin. (AC +3)


Message History

You kill the goblin!
Lugonu accepts your kill.
You hit the dart slug. You kick the dart slug.
You kill the dart slug!
Lugonu accepts your kill.
Things that are here:
a +0 dagger; an adder corpse You barely miss the worm.
The worm bites you.
You slash the worm!
The worm is heavily wounded.
The worm barely misses you.
You hit the worm.
The worm is severely wounded.
The worm bites you but does no damage.
You barely miss the worm.
The worm is heavily wounded.
You hit the worm but do no damage.
The worm is heavily wounded.
The worm bites you!
You die...

*,*......%**
*****
*,**#...#**
,,,,* *,*
#.w.# ***,*
#,*###.## *,*
#.##...###
*,*
#........#
*,*
####.###.#
*,* #.# #w#
*,* #.# #@#
*,* #.# #.#
*,*******#.#
#.#
*,,,,,..##.#
#.#
******#.##.#
#.# *###
#.##.###.#
,..#
#.##...#.#
*#.#
#.####.#.####
#.# #.#
#......#


You could see a worm.

Vanquished Creatures
  2 adders (D:2)
  An ooze (D:1)
  A dart slug (D:2)
  A leopard gecko (D:2)
  A bat (D:1)
  2 giant cockroaches (D:1)
  4 hobgoblins
  2 jackals (D:2)
  2 ball pythons (D:1)
  A frilled lizard (D:1)
  3 goblins
  2 kobolds (D:1)
  3 rats
25 creatures vanquished.

Notes
Turn   | Place    | Note
-------+----------+-------------------------------------------
     0 | Abyss:1  | Gargoyl the Centaur Abyssal Knight began the quest for the
                  | Orb.
     0 | Abyss:1  | Reached XP level 1. HP: 19/19 MP: 2/2
    70 | Abyss:1  | Noticed a wretched star
    70 | Abyss:1  | Noticed a storm dragon zombie
    71 | D:1      | Escaped the Abyss
   163 | D:1      | Reached * piety under Lugonu
   299 | D:1      | Reached XP level 2. HP: 26/26 MP: 3/3
   747 | D:2      | Reached skill level 1 in Dodging
   747 | D:2      | Reached XP level 3. HP: 19/31 MP: 4/4
  1002 | D:2      | Slain by a worm

Levels and vault maps discovered:
D:1:      evilmike_arrival_plus, layout_loops_ring, minmay_tetromino_l2
D:2:      layout_loops_ring

Skill      XL: |  1  2 |
---------------+-------+-----
Axes           | 2 |  2.2
Dodging        | 1 |  1.1
Fighting       | |  3.4
Armour         | |  1.9
Invocations    | |  2.3

Action                   || total
-------------------------++-------
Melee: Hand axe          ||    70
       Kick              ||     9
Invok: Depart the Abyss  ||     1
  Use: Potion            ||     1
       Scroll            ||     3
Armor: Leather armour    ||    35
Dodge: Dodged            ||    30

Table legend:
 A = Non-vault XP
 B = Vault XP
 C = Vault XP percentage of total XP
 D = Non-vault monster count
 E = Vault monster count
 F = Vault count percentage of total count
                 A         B        C        D         E       F
            +---------+---------+-------+---------+---------+-------
      Total |      68 |       1 |   1.4 |      24 |       1 |   4.0
            +---------+---------+-------+---------+---------+-------
        D:1 |      25 |       1 |   3.8 |      14 |       1 |   6.7
        D:2 |      43 |       0 |   0.0 |      10 |       0 |   0.0
            +---------+---------+-------+---------+---------+-------
